 Dungeon Crawl Stone Soup version 0.29.1-2-gbd0b4ee654 (webtiles) character file.

Game seed: 8748944453845175143

95 PhantomBowie the Insei (level 4, -3/34 HPs)
             Began as a Gnoll Transmuter on Nov 30, 2022.
             Killed from afar by an orc wizard (7 damage)
             ... with a puff of flame
             ... on level 3 of the Dungeon.
             The game lasted 00:07:31 (2293 turns).

PhantomBowie the Insei (Gnoll Transmuter)           Turns: 2293, Time: 00:07:32

Health: -3/34      AC:  4    Str: 11    XL:     4   Next: 65%
Magic:  11/11      EV: 13    Int: 12    God:
Gold:   139        SH:  0    Dex: 13    Spells: 10/13 levels left

rFire   . . .      SeeInvis .   j - +1 hand axe (vamp)
rCold   . . .      Faith    .   (no shield)
rNeg    . . .      Spirit   .   l - +0 leather armour
rPois   .          Reflect  .   i - +0 helmet
rElec   .          Harm     .   (no cloak)
rCorr   .          Rampage  .   (no gloves)
Will    .....                   (no boots)
Stlth   +.........              (no amulet)
HPRegen 0.11/turn               (no ring)
MPRegen 0.12/turn               (no ring)

@: no status effects
A: fangs 1, strong nose, distributed training
a: no special abilities


You were on level 3 of the Dungeon.
You visited 1 branch of the dungeon, and saw 3 of its levels.

You collected 139 gold pieces.

Inventory:

Hand Weapons
 c - a +0 sling
 e - a +0 short sword
 j - a +1 vampiric hand axe (weapon)
Armour
 i - a +0 helmet (worn)
 l - a +0 leather armour (worn)
 p - a +0 plate armour
Scrolls
 a - a scroll of enchant armour {unknown}
 f - 3 scrolls of identify {unknown}
 g - a scroll of immolation {unknown}
 k - a scroll of amnesia {unknown}
 o - a scroll of enchant weapon {unknown}
Potions
 b - a potion of lignification
 d - 2 potions of flight {unknown}
 h - a potion of attraction {unknown}
 m - a potion of curing {unknown}
 n - a potion of haste {unknown}
 q - a potion of ambrosia {unknown}


   Skills:
 + Level 2.8 Fighting
 + Level 1.2 Short Blades
 + Level 1.2 Long Blades
 + Level 1.2 Axes
 + Level 1.2 Maces & Flails
 + Level 1.2 Polearms
 + Level 1.2 Staves
 + Level 1.2 Ranged Weapons
 + Level 1.2 Throwing
 + Level 1.2 Armour
 + Level 4.7 Dodging
 + Level 1.2 Stealth
 + Level 1.2 Shields
 + Level 6.6 Unarmed Combat
 + Level 5.1 Spellcasting
 + Level 1.0 Conjurations
 + Level 1.0 Hexes
 + Level 1.0 Summonings
 + Level 1.0 Necromancy
 + Level 1.0 Translocations
 + Level 3.9 Transmutations
 + Level 1.0 Fire Magic
 + Level 1.0 Ice Magic
 + Level 1.0 Air Magic
 + Level 1.0 Earth Magic
 + Level 1.0 Poison Magic
 + Level 1.4 Invocations
 + Level 1.2 Evocations


You had 10 spell levels left.
You knew the following spells:

 Your Spells              Type           Power      Damage    Failure   Level
a - Beastly Appendage     Tmut           24%        N/A       5%          1
b - Wereblood             Tmut           12%        N/A       8%          2

Your spell library contained the following spells:

 Spells                   Type           Power      Damage    Failure   Level
 Spider Form              Tmut/Pois      9%         N/A       28%         3
 Ice Form                 Ice/Tmut       9%         N/A       67%         4
 Lee's Rapid Deconstruct  Erth           2%         3d6*      99%         5
 Lehudib's Crystal Spear  Conj/Erth      2%         10d2      100%        8


Dungeon Overview and Level Annotations

Branches:
Dungeon (3/15)

Altars:
Sif Muna

Shops:
D:2 =


Innate Abilities, Weirdness & Mutations

You have very sharp teeth.
Your uncanny sense of smell can sniff out nearby items.
Your experience applies equally to all skills.


Message History

You hit something.
You feel better. Something hits you. Something hits you but does no damage.
You hit something.
You feel better.
You punch something!
You howl as the wereblood boils in your veins!
You hear some strange, mumbled words.
A magic dart appears from out of thin air!
The magic dart hits you.
You hit something but do no damage. Something hits you.
You hit something.
You feel better. Something hits you.
You closely miss something.
Your primal bloodlust is almost over.
You hear some strange, mumbled words.
You are confused.
Something hits you.
You bump into the metal wall.
You hear some strange, mumbled words.
A puff of flame appears from out of thin air!
The puff of flame hits you!
* * * LOW HITPOINT WARNING * * *
You closely miss something. Your bite misses something.
Something completely misses you.
You bump into the granite statue.
Something hits you.
* * * LOW HITPOINT WARNING * * *
You're too confused to move!
Something hits you.
* * * LOW HITPOINT WARNING * * *
You bump into the metal wall.
Something hits you but does no damage.
You bump into the metal wall.
Your primal bloodlust has ended.
Something barely misses you.
You feel less confused.
You hear some strange, mumbled words.
Something tries to affect you, but you resist.
Something hits you.
* * * LOW HITPOINT WARNING * * *
There is an open door, spattered with blood here.
You hit something but do no damage.
You hear some strange, mumbled words.
A puff of flame appears from out of thin air!
The puff of flame hits you!
You die...

###.#....# # #........#
##
#######.##.....###≈###
........##....##≈≈≈≈≈#
.....######..##≈≈≈≈≈≈≈ #
####.........#≈≈≈....≈≈#
######.####≈~~####.≈
#..8.8.8##..##
##.)....@{.._#
##8.8.8##..##
####≈~~####.≈
#≈≈≈....≈≈# ##≈≈≈≈≈≈≈ #
##≈≈≈≈≈# ##≈### ##


There were no monsters in sight!

Vanquished Creatures
  An orc wizard (D:3)
  An adder (D:2)
  A gnoll (D:1)
  A worm (D:2)
  3 dart slugs
  An orc (D:3)
  5 ball pythons
  5 bats
  5 endoplasms
  3 giant cockroaches
  3 hobgoblins
  3 quokkas
  5 kobolds
  5 rats
42 creatures vanquished.

Notes
Turn   | Place    | Note
-------+----------+-------------------------------------------
     0 | D:1      | PhantomBowie the Gnoll Transmuter began the quest for the
                  | Orb.
     0 | D:1      | Reached XP level 1. HP: 17/17 MP: 6/6
     2 | D:1      | Noticed a troll
     4 | D:1      | Noticed a merfolk
     6 | D:1      | Noticed a palentonga
     6 | D:1      | Noticed an elf
     8 | D:1      | Noticed a ghoul
    10 | D:1      | Noticed a gargoyle
    10 | D:1      | Noticed a vampire
    12 | D:1      | Noticed a meteoran
    12 | D:1      | Noticed a naga
    14 | D:1      | Noticed an octopode
    14 | D:1      | Noticed a minotaur
    16 | D:1      | Noticed an ogre
    16 | D:1      | Noticed a draconian
    18 | D:1      | Noticed a demonspawn
    18 | D:1      | Noticed a spriggan
    20 | D:1      | Noticed a vine stalker
    20 | D:1      | Noticed a felid
    22 | D:1      | Noticed a demigod
    22 | D:1      | Noticed a tengu
    24 | D:1      | Noticed a human
    26 | D:1      | Noticed an ogre
    26 | D:1      | Noticed a gargoyle
   182 | D:1      | Reached XP level 2. HP: 23/23 MP: 7/7
   388 | D:1      | Found a faded altar of an unknown god.
   816 | D:1      | Got the Treatise on Combative Clay
  1061 | D:1      | Reached skill level 5 in Spellcasting
  1061 | D:1      | Reached XP level 3. HP: 13/28 MP: 7/9
  1375 | D:2      | Learned a level 2 spell: Wereblood
  1484 | D:2      | Reached skill level 1 in Invocations
  1757 | D:2      | Reached skill level 1 in Short Blades
  1757 | D:2      | Reached skill level 1 in Long Blades
  1757 | D:2      | Reached skill level 1 in Axes
  1757 | D:2      | Reached skill level 1 in Maces & Flails
  1757 | D:2      | Reached skill level 1 in Polearms
  1757 | D:2      | Reached skill level 1 in Staves
  1757 | D:2      | Reached skill level 1 in Ranged Weapons
  1757 | D:2      | Reached skill level 1 in Throwing
  1757 | D:2      | Reached skill level 1 in Armour
  1757 | D:2      | Reached skill level 1 in Stealth
  1757 | D:2      | Reached skill level 1 in Shields
  1757 | D:2      | Reached skill level 1 in Evocations
  1823 | D:2      | Reached XP level 4. HP: 34/34 MP: 11/11
  1849 | D:2      | Found Jusaakeoh's Jewellery Emporium.
  2264 | D:3      | Found a shimmering blue altar of Sif Muna.
  2280 | D:3      | Reached skill level 1 in Conjurations
  2280 | D:3      | Reached skill level 1 in Hexes
  2280 | D:3      | Reached skill level 1 in Summonings
  2280 | D:3      | Reached skill level 1 in Necromancy
  2280 | D:3      | Reached skill level 1 in Translocations
  2280 | D:3      | Reached skill level 1 in Fire Magic
  2280 | D:3      | Reached skill level 1 in Ice Magic
  2280 | D:3      | Reached skill level 1 in Air Magic
  2280 | D:3      | Reached skill level 1 in Earth Magic
  2280 | D:3      | Reached skill level 1 in Poison Magic
  2293 | D:3      | Killed from afar by an orc wizard

Illustrated notes

Levels and vault maps discovered:
D:1:      kb_arrival_jail, layout_basic, shapermc_ecumenical_altar_gd,
          minmay_door_square, roderic_lattice_a, st_stairs_7
D:2:      layout_loops_ring, serial_shops, shop, kennysheep_pointless_box,
          minmay_misc_feat_doors
D:3:      layout_rooms, kennysheep_orc_sif_temple, nicolae_gozag_seed_capital,
          jmf_multi_god_temple2, due_unseen_surprise

Skill      XL: |  1  2  3  4 |
---------------+-------------+-----
Spellcasting   | 5 |  5.1
Invocations    | 1 |  1.4
Short Blades   | 1 |  1.2
Long Blades    | 1 |  1.2
Axes           | 1 |  1.2
Maces & Flails | 1 |  1.2
Polearms       | 1 |  1.2
Staves         | 1 |  1.2
Ranged Weapons | 1 |  1.2
Throwing       | 1 |  1.2
Armour         | 1 |  1.2
Stealth        | 1 |  1.2
Shields        | 1 |  1.2
Evocations     | 1 |  1.2
Conjurations   | 1 |  1.0
Hexes          | 1 |  1.0
Summonings     | 1 |  1.0
Necromancy     | 1 |  1.0
Translocations | 1 |  1.0
Fire Magic     | 1 |  1.0
Ice Magic      | 1 |  1.0
Air Magic      | 1 |  1.0
Earth Magic    | 1 |  1.0
Poison Magic   | 1 |  1.0
Fighting       | |  2.8
Dodging        | |  4.7
Unarmed Combat | |  6.6
Transmutations | |  3.9

Action                   |  1- 3 |  4- 6 || total
-------------------------+-------+-------++-------
Melee: Unarmed           |     6 |       ||     6
       Bite              |     8 |     5 ||    13
       Hand axe          |    72 |    39 ||   111
       Short sword       |     6 |       ||     6
       Headbutt          |     3 |       ||     3
       Kick              |     1 |       ||     1
       Punch             |     3 |     1 ||     4
 Fire: Sling             |    12 |       ||    12
 Cast: Beastly Appendage |     2 |       ||     2
       Wereblood         |     1 |     1 ||     2
Armor: Robe              |     4 |       ||     4
       Leather armour    |    13 |    14 ||    27
Dodge: Dodged            |    58 |    15 ||    73
